 Dungeon Crawl Stone Soup version 0.19-a0-1111-gcceb26a (webtiles) character file.

8277 aronpayne the Grappler (level 11, -18/109 HPs)
             Began as a Troll Fighter on Aug 10, 2016.
             Was a Priest of Qazlal.
             Killed from afar by Xiguana's ghost (35 damage)
             ... with an orb of energy
             ... on level 10 of the Dungeon.
             The game lasted 00:31:34 (7276 turns).

aronpayne the Grappler (Troll Fighter)              Turns: 7276, Time: 00:31:35

Health: -18/109    AC:  6    Str: 29    XL:     11   Next: 7%
Magic:  11/11      EV: 12    Int:  4    God:    Qazlal [***...]
Gold:   256        SH: 15    Dex: 11    Spells: 0 memorised, 10 levels left

rFire  . . .     SeeInvis .       - Unarmed
rCold  . . .     Gourm    +     D - troll hide
rNeg   . . .     Faith    .     b - +0 shield
rPois  +         Spirit   .     (helmet restricted)
rElec  .         Dismiss  .     r - +0 cloak
rCorr  .         Reflect  .     (gloves unavailable)
SustAt .         Harm     .     (boots unavailable)
MR     .....                    (no amulet)
Stlth  +.........               X - +2 ring of dexterity
                                m - ring of poison resistance

@:
A: unfitting armour, claws 3, fast metabolism 3, gourmand, regeneration 2,
shaggy fur 1, tough skin 2
a: Upheaval, Elemental Force, Renounce Religion


You were on level 10 of the Dungeon.
You worshipped Qazlal.
Qazlal was most pleased with you.
You were full.

You visited 1 branch of the dungeon, and saw 10 of its levels.

You collected 418 gold pieces.
You spent 162 gold pieces at shops.

Inventory:

Hand Weapons
 M - a +1 shortbow of velocity
Missiles
 N - 79 arrows
Armour
 a - a +0 robe
 b - a +0 shield (worn)
 r - a +0 cloak (worn)
 D - a troll hide (worn)
Jewellery
 h - an uncursed ring of ice
 m - a ring of poison resistance (left claw)
 v - an uncursed ring of positive energy
 A - an uncursed ring of wizardry
 X - a +2 ring of dexterity (right claw)
Wands
 C - a wand of digging (11/24)
 L - a wand of digging (10/24)
 P - a wand of acid (7/15)
 T - a wand of iceblast (8/15)
Scrolls
 e - 7 scrolls of remove curse
 g - a scroll of magic mapping {unknown}
 l - 4 scrolls of teleportation {unknown}
 p - 3 scrolls of fog {unknown}
 s - 3 scrolls of recharging {unknown}
 t - 2 scrolls of amnesia {unknown}
 y - 6 scrolls of fear {unknown}
 B - 5 scrolls of identify
 F - a scroll of noise {unknown}
 J - a scroll of vulnerability {unknown}
 Q - a scroll of enchant weapon
 R - a scroll of silence {unknown}
 S - 2 scrolls of enchant armour {unknown}
 Y - a scroll of blinking {unknown}
Potions
 c - 4 potions of might
 f - a potion of cancellation {unknown}
 n - 7 potions of degeneration {unknown}
 o - 9 potions of curing {unknown}
 q - a potion of magic {unknown}
 z - 2 potions of brilliance {unknown}
 E - 2 potions of agility {unknown}
 G - a potion of flight {unknown}
 H - a potion of berserk rage {unknown}
 I - 2 potions of heal wounds
 W - a potion of invisibility {unknown}
Books
 k - a book of Minor Magic

   Spells                             Type                      Level
   a - Magic Dart                     Conjuration                  1
   b - Blink                          Translocation                2
   c - Call Imp                       Summoning                    2
   d - Repel Missiles                 Charms/Air                   2
   e - Slow                           Hexes                        2
   f - Conjure Flame                  Conjuration/Fire             3
   g - Mephitic Cloud                 Conjuration/Poison/Air       3
 u - Kikubaaqudgha's Disquisition on Dark Arts
   (You found it on level 3 of the Dungeon)

   Spells                             Type                      Level
   a - Animate Skeleton               Necromancy                   1
 U - a book of Conjurations

   Spells                             Type                      Level
   a - Magic Dart                     Conjuration                  1
   b - Searing Ray                    Conjuration                  2
   c - Dazzling Spray                 Conjuration/Hexes            3
   d - Fulminant Prism                Conjuration/Hexes            4
   e - Iskenderun's Mystic Blast      Conjuration                  4
   f - Iskenderun's Battlesphere      Conjuration/Charms           5
Miscellaneous
 V - a lamp of fire
Comestibles
 d - 10 bread rations
 i - 8 meat rations
 j - 3 beef jerkies
 w - a royal jelly
 x - 6 fruits
 O - a slice of pizza


   Skills:
 + Level 7.4 Fighting
 + Level 1.8 Bows
 + Level 2.1 Armour
 + Level 7.2 Dodging
 + Level 7.3 Shields
 + Level 8.6 Unarmed Combat
 + Level 2.2 Invocations


You had 10 spell levels left.
You didn't know any spells.

Dungeon Overview and Level Annotations

Branches:
Dungeon (10/15)            Temple (0/1) D:4            Lair (0/6) D:8
    Orc: D:9-12

Altars:
Ashenzari
Cheibriados
Dithmenos
Fedhas
Hepliaklqana
Kikubaaqudgha
Makhleb
Nemelex Xobeh
Qazlal
Sif Muna
Trog
Uskayaw
Vehumet
Xom

Shops:
D:5 (%%*}   D:8 ?

Annotations:
D:8 Maurice
D:10 Xiguana's ghost, journeyman TeCj


Innate Abilities, Weirdness & Mutations

You are too large for most types of armour.
You have claws for hands.
Your metabolism is lightning-fast.
You like to eat raw meat.
You heal very quickly.
You are covered in fur. (AC +1)
You have very tough skin. (AC +2)


Message History

Xiguana's ghost points at you and mumbles some strange words.
The orb of energy hits you!
The orb of energy explodes!
You see here a glowing quarterstaff.
Xiguana's ghost shouts, "What do you have that I didn't have?"
Xiguana's ghost points at you and mumbles some strange words.
The bolt of fire hits you!
You hear a sizzling sound!
Xiguana's ghost mumbles some strange words.
Xiguana's ghost conjures a globe of magical energy!
Found a scroll labeled BUV KUTANONG.
A battlesphere comes into view.
Xiguana's ghost casts a spell at you. The orb of energy hits you!
* * * LOW HITPOINT WARNING * * *
The battlesphere fires!
The barrage of energy hits you!
* * * LOW HITPOINT WARNING * * *
You fail to use your ability.
Xiguana's ghost points at you and mumbles some strange words.
The orb of energy hits you!
You die...

.#######.
#..................#...
.#.......
#..................#...
.'.......
#........######....#
.#....... #........# #.....
.#....... #........#
#...... .###.....
#........# . ...#.....
#........# ...#####.
#.....§..######..
.......#+##..###@..........
.............# #.....###'#
..........#+# #.§...#
.......<..# #W§*).#
..........# #.....#
....[....## #.....#
..[......# #..........
.........# #..........
.........# #..........


You could see a battlesphere and Xiguana's ghost.

Vanquished Creatures
  The ghost of p0werm0de the Carver, a journeyman DsCK of Xom (D:9)
  A hill giant (D:10)
  Joseph (D:7)
  A merfolk (D:9)
  2 trolls
  2 wyverns (D:9)
  Grum (D:8)
  4 hungry ghosts
  2 wargs (D:8)
  Menkaure (D:7)
  2 sky beasts
  A black bear (D:9)
  4 ice beasts
  6 orc warriors
  3 phantoms
  4 ogres
  2 wolves (D:8)
  4 centaurs
  A big kobold (D:8)
  8 giant frogs
  The ghost of epen the Ducker, an amateur SpAK of Lugonu (D:3)
  A scorpion (D:9)
  5 wights (D:7)
  A howler monkey (D:7)
  2 crimson imps
  3 centaur zombies
  A centaur skeleton (D:7)
  A giant frog zombie (D:10)
  4 hounds
  6 orc priests
  2 jellies
  2 giant frog skeletons
  4 worker ants
  14 orc wizards
  2 hound skeletons
  A howler monkey zombie (D:9)
  2 worker ant zombies
  16 adders
  6 gnolls
  3 shadow imps
  3 oozes (D:3)
  An adder skeleton (D:9)
  3 worms
  A dart slug (D:2)
  A giant gecko (D:7)
  36 orcs
  6 giant cockroaches
  6 goblins
  3 hobgoblins
  2 jackals (D:3)
  6 quokkas
  7 bats
  8 giant newts
  A jackal zombie (D:7)
  9 kobolds
  6 rats
227 creatures vanquished.

Vanquished Creatures (others)
  A wizard (D:4)
  Psyche (D:8)
2 creatures vanquished.

Grand Total: 229 creatures vanquished

Notes
Turn   | Place    | Note
-------+----------+-------------------------------------------
     0 | D:1      | aronpayne the Troll Fighter began the quest for the Orb.
     0 | D:1      | Reached XP level 1. HP: 22/22 MP: 0/0
   342 | D:1      | Reached XP level 2. HP: 29/29 MP: 1/1
  1053 | D:2      | Found a stormy altar of Qazlal.
  1059 | D:2      | Reached XP level 3. HP: 35/36 MP: 2/2
  1106 | D:2      | Became a worshipper of Qazlal Stormbringer
  1475 | D:2      | Reached XP level 4. HP: 38/44 MP: 3/3
  1829 | D:3      | Noticed epen's ghost (amateur SpAK)
  1850 | D:3      | Killed epen's ghost
  1850 | D:3      | Reached skill level 3 in Unarmed Combat
  1850 | D:3      | Reached XP level 5. HP: 53/53 MP: 4/4
  2135 | D:3      | Noticed a dagger
  2136 | D:3      | Noticed a hand axe
  2138 | D:3      | Found a hide-covered altar of Uskayaw.
  2239 | D:3      | Found a deep blue altar of Sif Muna.
  2239 | D:3      | Found an ancient bone altar of Kikubaaqudgha.
  2240 | D:3      | Found a radiant altar of Vehumet.
  2242 | D:3      | Identified Kikubaaqudgha's Disquisition on Dark Arts
  2404 | D:3      | Reached * piety under Qazlal
  2562 | D:4      | Noticed a phantom
  2590 | D:4      | Killed a phantom
  2590 | D:4      | Reached XP level 6. HP: 31/61 MP: 5/5
  2764 | D:4      | Found a staircase to the Ecumenical Temple.
  2768 | D:4      | Found a bloodstained altar of Trog.
  2771 | D:4      | Noticed a wizard
  2775 | D:4      | Killed a wizard
  2896 | D:4      | Found a shadowy altar of Dithmenos.
  2916 | D:4      | Reached skill level 4 in Unarmed Combat
  3122 | D:5      | Entered Level 5 of the Dungeon
  3124 | D:5      | Found Denokud's Food Shop.
  3158 | D:5      | Found Merieh's Food Shoppe.
  3223 | D:5      | Found Wufoschue's Antique Weapon Shoppe.
  3396 | D:5      | Found a hazy altar of Hepliaklqana.
  3445 | D:5      | Found a burning altar of Makhleb.
  3469 | D:5      | Found Vikonih's General Store.
  3477 | D:5      | Bought a scroll of remove curse for 39 gold pieces
  3477 | D:5      | Bought a scroll of identify for 26 gold pieces
  3501 | D:5      | Found Gewnoh's Gadget Emporium.
  3558 | D:6      | Reached XP level 7. HP: 68/68 MP: 6/6
  3569 | D:6      | Noticed a troll
  3589 | D:6      | Killed a troll
  3592 | D:6      | Reached skill level 5 in Unarmed Combat
  3672 | D:6      | Reached XP level 8. HP: 75/79 MP: 7/7
  3777 | D:6      | Found a shimmering altar of Xom.
  3870 | D:6      | Reached ** piety under Qazlal
  3983 | D:6      | Reached skill level 5 in Fighting
  3983 | D:6      | Reached skill level 5 in Dodging
  4003 | D:6      | Reached skill level 5 in Shields
  4003 | D:6      | Reached skill level 6 in Unarmed Combat
  4138 | D:7      | Noticed Menkaure
  4146 | D:7      | Killed Menkaure
  4320 | D:7      | Found a shattered altar of Ashenzari.
  4368 | D:7      | Reached XP level 9. HP: 88/88 MP: 8/8
  4455 | D:7      | Found a blossoming altar of Fedhas.
  4797 | D:7      | Noticed Joseph
  4813 | D:7      | Killed Joseph
  4813 | D:7      | Reached skill level 7 in Unarmed Combat
  4928 | D:8      | Found a sparkling altar of Nemelex Xobeh.
  4934 | D:8      | Noticed Maurice
  5052 | D:8      | Reached *** piety under Qazlal
  5105 | D:8      | Found a staircase to the Lair.
  5115 | D:8      | Noticed Psyche
  5134 | D:8      | Killed Psyche
  5137 | D:8      | Reached XP level 10. HP: 86/100 MP: 9/9
  5423 | D:8      | Noticed Grum
  5439 | D:8      | Killed Grum
  5439 | D:8      | Reached skill level 8 in Unarmed Combat
  5600 | D:8      | Found Hes Qaipn's Magic Scroll Shop.
  5604 | D:8      | Bought a scroll of enchant weapon for 97 gold pieces
  5669 | D:8      | Found a snail-covered altar of Cheibriados.
  6170 | D:9      | Noticed p0werm0de's ghost (journeyman DsCK)
  6179 | D:9      | Killed p0werm0de's ghost
  6179 | D:9      | Reached skill level 1 in Invocations
  6215 | D:9      | Reached skill level 1 in Armour
  6320 | D:9      | Reached skill level 1 in Bows
  6523 | D:9      | Reached **** piety under Qazlal
  7061 | D:10     | Entered Level 10 of the Dungeon
  7087 | D:10     | Reached XP level 11. HP: 108/109 MP: 11/11
  7096 | D:10     | Noticed a hill giant
  7110 | D:10     | Killed a hill giant
  7267 | D:10     | Noticed Xiguana's ghost (journeyman TeCj)
  7276 | D:10     | Killed from afar by Xiguana's ghost

Vault maps used:
D:1:      saegor_arrival_simple_d
D:2:      lemuel_doored_altar, first_bread, grunt_ministairs_10
D:3:      grunt_temple_overflow_magic_moments, dancing_weapons_uskayaw,
          hangedman_decor_clover_reticule, minmay_parallelograms,
          minmay_misc_feat_diagonals, minivault_4
D:4:      lemuel_coloured_pillars_altar, trog_wizard
D:5:      old_standard_altar, bloody_makhleb, serial_shops, shop, shop,
          shop_fountains, nicolae_shop_temple_entry_statues_fountains,
          kennysheep_little_box
D:6:      marbit_many_paths
D:7:      evilmike_ruin_ashenzari, kennysheep_mini_moat, uniq_joseph,
          uniq_menkaure
D:8:      lemuel_crystal_altar, nemelex_xobeh_ov_fountains_minmay,
          erik_lair_orcish_takeover, serial_shops, shop, uniq_grum,
          uniq_maurice, uniq_psyche
D:9:      hangedman_fish_farm, minmay_joined_circles
D:10:     david_orc_5

Skill      XL: |  1  2  3  4  5  6  7  8  9 10 11 |
---------------+----------------------------------+-----
Dodging        | 3 4 5 6 7 |  7.2
Fighting       | 3 4 5 6 7 |  7.4
Shields        | 3 4 5 6 7 |  7.3
Unarmed Combat | 3 4 5 6 7 8 |  8.6
Invocations    | 2 |  2.2
Armour         | 1 2 |  2.1
Bows           | 1 |  1.8

Action                   |  1- 3 |  4- 6 |  7- 9 | 10-12 || total
-------------------------+-------+-------+-------+-------++-------
Melee: Unarmed           |    78 |   191 |   295 |   284 ||   848
Invok: Upheaval          |       |       |       |     3 ||     3
       Elemental Force   |       |       |       |     1 ||     1
  Use: Scroll            |       |       |       |     1 ||     1
 Stab: Sleeping          |     2 |       |       |       ||     2
  Eat: Chunk             |    19 |    17 |    25 |    31 ||    92
Armor: Robe              |    17 |    55 |     5 |       ||    77
       Troll hide        |       |       |    35 |    28 ||    63
Dodge: Dodged            |    26 |    54 |    53 |    63 ||   196
Block: Shield            |    30 |    85 |   149 |   153 ||   417
